 Dungeon Sprint DCSS version 0.32-a0-656-g3542139ebd (webtiles) character file.

Game seed: 14027223676573938997

7900000 ytrimaz the Intangible (level 27, -9/249 HPs)
             Began as a Mummy Wanderer on Mar 8, 2024.
             Was the Champion of Makhleb.
             Mangled by The Servant
             ... wielding a +9 glaive of flaming
              (31 damage)
             ... in the Dungeon (Sprint VIII: "Arena of Blood").
             The game lasted 00:02:28 (79 turns).

ytrimaz the Intangible (Mummy Wanderer)               Turns: 79, Time: 00:02:29

Health: -9/249     AC:  6    Str: 18    XL:     27
Magic:  31/54      EV: 36    Int: 10    God:    Makhleb [******]
Gold:   0          SH:  0    Dex: 24    Spells: 79/80 levels left

rFire   x . .        f - +∞ Axe of Woe
rCold   + . .        (shield currently unavailable)
rNeg    + + +        e - +0 leather armour
rPois   ∞            (no helmet)
rElec   .            (no cloak)
rCorr   .            (no gloves)
SInv    .            (no boots)
Will    +++..        (no amulet)
Stlth   ++++++++++   (no ring)
HPRegen 0.61/turn    (no ring)
MPRegen 0.34/turn

%: no teleportation, faith
@: slowed, very slow
A: cold resistance 1, negative energy resistance 3, torment resistance 2, heat
vulnerability 1, in touch with death 2, no potions, faith
a: Renounce Religion, Minor Destruction, Lesser Servant of Makhleb, Major
Destruction, Greater Servant of Makhleb


You were in the Dungeon.
You worshipped Makhleb.
Makhleb was exalted by your worship.
You visited 1 branch


Innate Abilities, Weirdness & Mutations

You are immune to poison.
Your flesh is cold resistant. (rC+)
You are immune to negative energy. (rN+++)
You are immune to unholy pain and torment.
You are vulnerable to heat. (rF-)
You are strongly in touch with the powers of death.
You do not drink.
You have a special connection with the divine. (Faith)


   Skills:
 O Level 27 Fighting
 O Level 27 Short Blades
 O Level 27 Long Blades
 O Level 27 Axes
 O Level 27 Maces & Flails
 O Level 27 Polearms
 O Level 27 Staves
 O Level 27 Ranged Weapons
 O Level 27 Throwing
 O Level 27 Armour
 O Level 27 Dodging
 O Level 27 Stealth
 O Level 27 Shields
 O Level 27 Unarmed Combat
 O Level 27 Spellcasting
 O Level 27 Conjurations
 + Level 16.0 Hexes
 O Level 27 Summonings
 O Level 27 Necromancy
 + Level 14.7 Translocations
 O Level 27 Fire Magic
 + Level 14.7 Ice Magic
 O Level 27 Air Magic
 + Level 14.7 Earth Magic
 + Level 14.3 Alchemy
 O Level 27 Invocations
 + Level 14.3 Evocations


You had 79 spell levels left.
You knew the following spells:

 Your Spells              Type           Power      Damage    Failure   Level
a - Foxfire               Conj/Fire      100%       2x1d9     0%          1

Your spell library contained the following spells:

 Spells                   Type           Power      Damage    Failure   Level
 Inner Flame              Hex/Fire       54%        N/A       0%          3

Inventory:

Hand Weapons
 a - a +2 quarterstaff
 c - a +0 dagger
 f - the +∞ Axe of Woe (weapon)
   (You found it in the Dungeon)
Missiles
 b - 8 poisoned darts (quivered)
Armour
 e - a +0 leather armour (worn)
Scrolls
 d - 2 scrolls of blinking

Dungeon Overview and Level Annotations

Branches:
Dungeon (1/1) Zot: 27000

Altars:
Makhleb

Annotations:
D The Servant ... .oo

#... ..# o #...
..# oO###.o.
..###..
.o....###)....§.
.....O)_o)......
§...#@z)))#.....
. #_)o2_#


oO. #@§)Wo# . #..o..o○§_LX.L.. .o....oO###..X... .{.###Mzz X.###. o. #... ..#
#.OLL ..# ....O .. 2.o... You could see an accursed, a tentacled monstrosity
(summoned), 2 meat beasts, 4 tyrants, The Servant, 3 sculptors of flesh, a large
bag of meat (inner flame), a large abomination (summoned), a dread, 3 meat
berserkers and 10 bags of meat.


Message History

A tyrant comes into view.
The bag of meat is engulfed in blazing flames.
The tyrant shouts!
Your Hexes skill gained 2 levels and is now at level 8!
Your Translocations skill gained 2 levels and is now at level 7!
Your Ice Magic skill gained 2 levels and is now at level 7!
Your Earth Magic skill gained 2 levels and is now at level 7!
Your Alchemy skill gained 2 levels and is now at level 7!
Your Evocations skill gained 2 levels and is now at level 7! 😕 HP[-12]
You take 12 damage, and now have 225/249 hp.
Unknown command.
You hit the destroyer but do no damage.
You pulverise the destroyer into a thin bloody mist.
You destroy the destroyer!
Makhleb accepts your kill.
You slash the bag of meat!
You slaughter the bag of meat joyfully.
You kill the bag of meat!
Makhleb accepts your kill.
You feel better.
You hit the bag of meat but do no damage.
You pulverise the bag of meat into a thin bloody mist.
You kill the bag of meat!
Makhleb accepts your kill.
You feel better.
You slice the bag of meat!!
You butcher the bag of meat messily.
You kill the bag of meat!
Makhleb accepts your kill.
A meat beast comes into view.
A meat berserker comes into view. It is wielding a +9 battleaxe.
The accursed points at you and mumbles some strange words.
Something smites you!
A meat berserker comes into view. It is wielding a +9 battleaxe.
A bag of meat comes into view. It is wielding a +9 war axe.
Your Hexes skill gained 4 levels and is now at level 12!
Your Translocations skill gained 4 levels and is now at level 11!
Your Ice Magic skill gained 4 levels and is now at level 11!
Your Earth Magic skill gained 4 levels and is now at level 11!
Your Alchemy skill gained 4 levels and is now at level 11!
Your Evocations skill gained 4 levels and is now at level 11! 😕 HP[+12]
You regained 12 hp, and now have 237/249 hp.
Unknown command.
The meat beast hisses angrily.
You slash the large bag of meat!
Flame seeps out of the large bag of meat.
You pulverise the large bag of meat into a thin bloody mist.
Makhleb accepts your kill.
You slash the dread!
You pulverise the dread into a thin bloody mist.
You destroy the dread!
Makhleb accepts your kill.
You feel better.
The large bag of meat explodes!
The fiery explosion engulfs you!!! The fire burns you terribly!
The fiery explosion engulfs the meat beast!!
You hear a shout! x2; You hear a howl!
You hear a shout! x3
You hear a hideous shriek!
You hear a shout! x2; You hear two shouts!
You hear a shout! x4
The meat beast is engulfed in blazing flames.
The tyrant mumbles some strange words.
The tyrant seems to speed up.
The Servant hits you from afar with a +9 glaive of flaming!
The Servant burns you.
A bag of meat comes into view. It is wielding a +9 war axe.
The tyrant gestures wildly while chanting.
The tyrant waves its bony arms in wide circles.
The air twists around and strikes you!!
A bag of meat comes into view. It is wielding a +9 war axe.
You hear a shout!
You hear two shouts!
Your Hexes skill gained 4 levels and is now at level 16!
Your Translocations skill gained 3 levels and is now at level 14!
Your Ice Magic skill gained 3 levels and is now at level 14!
Your Earth Magic skill gained 3 levels and is now at level 14!
Your Alchemy skill gained 3 levels and is now at level 14!
Your Evocations skill gained 3 levels and is now at level 14! 😮 HP[-76] MP[+1]
You take 76 damage, and now have 161/249 hp.
MASSIVE DAMAGE!! (PAUSE)
You carve the accursed like a ham!!!
You fatally mangle the accursed.
You destroy the accursed!
Makhleb accepts your kill.
You feel better.
You slash the meat beast!
You hew the meat beast violently.
You kill the meat beast!
Makhleb accepts your kill.
You feel better.
You feel extremely nervous for a moment...
You feel horribly lethargic.
You feel yourself slow down.
The meat beast screams, "Embrace submission, thou dissembling fen-sucked linensack!"
A bag of meat comes into view. It is wielding a +9 war axe.
Deactivating autopickup; reactivate with Ctrl-A.
You convulse!
Ouch! That really hurt!
* * * LOW HITPOINT WARNING * * *
A meat beast comes into view.
The Servant hits you from afar with a +9 glaive of flaming!!!
* * * LOW HITPOINT WARNING * * *
The Servant burns you!!
You die...

Skill      XL: |  1  2  3  4  5  6  7  8  9 10 11 12 13 14 15 16 17 18 19 20 21 22 23 24 25 26 27 |
---------------+----------------------------------------------------------------------------------+-----
Fighting       | 15 18 19 22 26 27 | 27.0
Axes           | 12 15 17 19 23 27 | 27.0
Dodging        | 17 21 23 25 27 | 27.0
Short Blades   | 4 7 8 11 13 14 16 19 20 22 24 27 | 27.0
Long Blades    | 4 7 8 11 13 14 16 18 19 21 23 27 | 27.0
Maces & Flails | 4 7 8 11 13 14 16 18 19 21 23 27 | 27.0
Polearms       | 4 7 8 11 13 14 16 19 20 22 24 27 | 27.0
Staves         | 5 8 9 11 13 15 17 19 20 22 24 27 | 27.0
Ranged Weapons | 4 7 8 11 13 14 16 19 20 22 24 27 | 27.0
Throwing       | 4 7 9 11 13 14 16 19 20 22 24 27 | 27.0
Armour         | 4 7 8 11 13 14 16 19 20 22 24 27 | 27.0
Stealth        | 4 8 9 12 14 16 18 20 22 23 25 27 | 27.0
Shields        | 4 7 9 12 14 16 17 20 21 22 24 27 | 27.0
Unarmed Combat | 4 7 8 11 13 14 16 19 20 22 24 27 | 27.0
Spellcasting   | 9 14 17 21 24 27 | 27.0
Summonings     | 4 7 8 11 13 14 16 19 20 22 23 27 | 27.0
Necromancy     | 5 9 11 14 16 18 20 23 24 26 27 | 27.0
Air Magic      | 4 7 9 12 14 16 17 20 21 22 24 27 | 27.0
Conjurations   | 3 6 8 10 12 14 16 19 20 21 23 27 | 27.0
Fire Magic     | 3 7 9 11 13 15 17 20 21 22 24 27 | 27.0
Invocations    | 4 8 10 12 15 17 19 21 22 24 26 27 | 27.0
Hexes          | 16 | 16.0
Translocations | 14 | 14.7
Ice Magic      | 14 | 14.7
Earth Magic    | 14 | 14.7
Alchemy        | 14 | 14.3
Evocations     | 14 | 14.3

Action                     |  1- 3 |  4- 6 |  7- 9 | 10-12 | 13-15 | 16-18 | 19-21 | 22-24 | 25-27 || total
---------------------------+-------+-------+-------+-------+-------+-------+-------+-------+-------++-------
  Melee: Executioner's axe |     1 |       |       |     1 |     7 |     8 |    12 |    11 |    19 ||    59
 Armour: Leather armour    |       |       |       |       |       |       |     1 |     6 |    13 ||    20
  Dodge: Dodged            |       |       |       |       |       |       |       |       |     3 ||     3

Levels and vault maps discovered:
D:        meatsprint

Notes
Turn   | Place    | Note
-------+----------+-------------------------------------------
     0 | D        | Found the +∞ Axe of Woe
     0 | D        | ytrimaz the Mummy Wanderer began the quest for the Orb.
     0 | D        | ytrimaz set off with the following items: a +2
                  | quarterstaff, 8 poisoned darts, a +0 dagger, 2 scrolls of
                  | blinking, a +0 leather armour; and the following spell
                  | memorised: Foxfire; and the following spells available to
                  | memorise: Inner Flame.
     0 | D        | Reached XP level 1. HP: 15/15 MP: 2/2
     0 | D        | magus.rc [v1.9.6]
     1 | D        | Noticed a meat berserker
     1 | D        | Noticed a bag of meat
     3 | D        | Became a worshipper of Makhleb the Destroyer
     6 | D        | Killed a meat berserker
     7 | D        | Reached skill level 15 in Fighting
     7 | D        | Reached skill level 12 in Axes
     7 | D        | Reached skill level 17 in Dodging
     7 | D        | Reached XP level 2. HP: 44/44 MP: 4/4
     7 | D        | Reached XP level 3. HP: 50/50 MP: 5/5
     7 | D        | Reached XP level 4. HP: 57/57 MP: 6/6
     7 | D        | Reached XP level 5. HP: 63/63 MP: 7/7
     7 | D        | Reached XP level 6. HP: 70/70 MP: 8/8
     7 | D        | Reached XP level 7. HP: 76/76 MP: 9/9
     7 | D        | Reached XP level 8. HP: 83/83 MP: 10/10
     7 | D        | Reached XP level 9. HP: 89/89 MP: 11/11
     7 | D        | Reached XP level 10. HP: 96/96 MP: 12/12
     7 | D        | Reached XP level 11. HP: 102/102 MP: 13/13
     7 | D        | Noticed a bag of meat
     7 | D        | Noticed a bag of meat
     7 | D        | Noticed a meat berserker
    10 | D        | Noticed a meat berserker
    11 | D        | Noticed a bag of meat
    12 | D        | Killed a meat berserker
    12 | D        | Reached * piety under Makhleb
    12 | D        | Killed a bag of meat
    12 | D        | Noticed a bag of meat
    12 | D        | Noticed a bag of meat
    12 | D        | Noticed a bag of meat
    13 | D        | Reached skill level 18 in Fighting
    13 | D        | Reached skill level 15 in Axes
    13 | D        | Reached skill level 21 in Dodging
    13 | D        | Reached XP level 12. HP: 117/117 MP: 14/14
    13 | D        | Gained mutation: You are strongly in touch with the powers
                  | of death. [Mummy growth]
    13 | D        | Reached XP level 13. HP: 124/124 MP: 15/15
    13 | D        | Killed a meat berserker
    13 | D        | Reached ** piety under Makhleb
    13 | D        | Noticed a bag of meat
    13 | D        | Noticed a bag of meat
    13 | D        | Noticed a bag of meat
    13 | D        | Noticed a bag of meat
    14 | D        | Reached skill level 19 in Fighting
    14 | D        | Reached skill level 17 in Axes
    14 | D        | Reached skill level 23 in Dodging
    14 | D        | Reached XP level 14. HP: 134/134 MP: 16/16
    14 | D        | Killed a bag of meat
    14 | D        | Noticed a bag of meat
    14 | D        | Noticed a bag of meat
    14 | D        | Noticed a bag of meat
    14 | D        | Noticed a bag of meat
    14 | D        | Noticed a bag of meat
    15 | D        | Reached skill level 20 in Fighting
    15 | D        | Noticed a bag of meat
    16 | D        | Killed a bag of meat
    16 | D        | Reached *** piety under Makhleb
    16 | D        | Noticed a bag of meat
    16 | D        | Noticed a bag of meat
    16 | D        | Noticed a meat berserker
    17 | D        | Reached skill level 21 in Fighting
    17 | D        | Reached skill level 18 in Axes
    17 | D        | Reached skill level 24 in Dodging
    17 | D        | Killed a bag of meat
    17 | D        | Noticed a meat berserker
    17 | D        | Noticed a bag of meat
    17 | D        | Noticed a meat berserker
    17 | D        | Noticed a bag of meat
    18 | D        | Reached skill level 25 in Dodging
    18 | D        | Killed a bag of meat
    19 | D        | Reached skill level 22 in Fighting
    19 | D        | Reached skill level 19 in Axes
    19 | D        | Reached XP level 15. HP: 146/146 MP: 17/17
    19 | D        | Reached **** piety under Makhleb
    19 | D        | Noticed a meat berserker
    20 | D        | Reached skill level 24 in Fighting
    20 | D        | Reached skill level 20 in Axes
    20 | D        | Reached skill level 27 in Dodging
    20 | D        | Reached ***** piety under Makhleb
    20 | D        | Noticed a destroyer
    21 | D        | Reached skill level 26 in Fighting
    21 | D        | Reached skill level 23 in Axes
    21 | D        | Reached XP level 16. HP: 166/166 MP: 18/18
    22 | D        | Reached skill level 27 in Fighting
    22 | D        | Reached skill level 25 in Axes
    22 | D        | Killed a meat berserker
    23 | D        | Reached skill level 27 in Axes
    23 | D        | Reached skill level 2 in Short Blades
    23 | D        | Reached skill level 2 in Long Blades
    23 | D        | Reached skill level 2 in Maces & Flails
    23 | D        | Reached skill level 2 in Polearms
    23 | D        | Reached skill level 4 in Staves
    23 | D        | Reached skill level 2 in Ranged Weapons
    23 | D        | Reached skill level 3 in Throwing
    23 | D        | Reached skill level 2 in Armour
    23 | D        | Reached skill level 2 in Stealth
    23 | D        | Reached skill level 2 in Shields
    23 | D        | Reached skill level 2 in Unarmed Combat
    23 | D        | Reached skill level 5 in Spellcasting
    23 | D        | Reached skill level 2 in Summonings
    23 | D        | Reached skill level 3 in Necromancy
    23 | D        | Reached skill level 2 in Air Magic
    23 | D        | Killed a meat berserker
    23 | D        | Reached ****** piety under Makhleb
    23 | D        | Noticed a meat berserker
    24 | D        | Reached skill level 4 in Short Blades
    24 | D        | Reached skill level 4 in Long Blades
    24 | D        | Reached skill level 4 in Maces & Flails
    24 | D        | Reached skill level 4 in Polearms
    24 | D        | Reached skill level 5 in Staves
    24 | D        | Reached skill level 4 in Ranged Weapons
    24 | D        | Reached skill level 4 in Throwing
    24 | D        | Reached skill level 4 in Armour
    24 | D        | Reached skill level 4 in Stealth
    24 | D        | Reached skill level 4 in Shields
    24 | D        | Reached skill level 4 in Unarmed Combat
    24 | D        | Reached skill level 9 in Spellcasting
    24 | D        | Reached skill level 3 in Conjurations
    24 | D        | Reached skill level 4 in Summonings
    24 | D        | Reached skill level 5 in Necromancy
    24 | D        | Reached skill level 3 in Fire Magic
    24 | D        | Reached skill level 4 in Air Magic
    24 | D        | Reached skill level 4 in Invocations
    24 | D        | Reached XP level 17. HP: 174/174 MP: 18/30
    24 | D        | Noticed a meat berserker
    25 | D        | Reached skill level 5 in Short Blades
    25 | D        | Reached skill level 5 in Long Blades
    25 | D        | Reached skill level 5 in Maces & Flails
    25 | D        | Reached skill level 5 in Polearms
    25 | D        | Reached skill level 6 in Staves
    25 | D        | Reached skill level 5 in Ranged Weapons
    25 | D        | Reached skill level 5 in Throwing
    25 | D        | Reached skill level 5 in Armour
    25 | D        | Reached skill level 6 in Stealth
    25 | D        | Reached skill level 6 in Shields
    25 | D        | Reached skill level 5 in Unarmed Combat
    25 | D        | Reached skill level 11 in Spellcasting
    25 | D        | Reached skill level 4 in Conjurations
    25 | D        | Reached skill level 5 in Summonings
    25 | D        | Reached skill level 7 in Necromancy
    25 | D        | Reached skill level 5 in Fire Magic
    25 | D        | Reached skill level 6 in Air Magic
    25 | D        | Reached skill level 5 in Invocations
    25 | D        | Killed a meat berserker
    25 | D        | Killed a meat berserker
    26 | D        | Reached skill level 7 in Short Blades
    26 | D        | Reached skill level 7 in Long Blades
    26 | D        | Reached skill level 7 in Maces & Flails
    26 | D        | Reached skill level 7 in Polearms
    26 | D        | Reached skill level 8 in Staves
    26 | D        | Reached skill level 7 in Ranged Weapons
    26 | D        | Reached skill level 7 in Throwing
    26 | D        | Reached skill level 7 in Armour
    26 | D        | Reached skill level 8 in Stealth
    26 | D        | Reached skill level 7 in Shields
    26 | D        | Reached skill level 7 in Unarmed Combat
    26 | D        | Reached skill level 14 in Spellcasting
    26 | D        | Reached skill level 6 in Conjurations
    26 | D        | Reached skill level 7 in Summonings
    26 | D        | Reached skill level 9 in Necromancy
    26 | D        | Reached skill level 7 in Fire Magic
    26 | D        | Reached skill level 7 in Air Magic
    26 | D        | Reached skill level 8 in Invocations
    26 | D        | Reached XP level 18. HP: 182/182 MP: 18/36
    26 | D        | Noticed a destroyer
    27 | D        | Reached skill level 8 in Throwing
    27 | D        | Reached skill level 8 in Shields
    27 | D        | Reached skill level 15 in Spellcasting
    27 | D        | Reached skill level 7 in Conjurations
    27 | D        | Reached skill level 10 in Necromancy
    27 | D        | Reached skill level 8 in Fire Magic
    27 | D        | Reached skill level 8 in Air Magic
    27 | D        | Killed a destroyer
    28 | D        | Reached skill level 8 in Short Blades
    28 | D        | Reached skill level 8 in Long Blades
    28 | D        | Reached skill level 8 in Maces & Flails
    28 | D        | Reached skill level 8 in Polearms
    28 | D        | Reached skill level 9 in Staves
    28 | D        | Reached skill level 8 in Ranged Weapons
    28 | D        | Reached skill level 8 in Armour
    28 | D        | Reached skill level 9 in Stealth
    28 | D        | Reached skill level 9 in Shields
    28 | D        | Reached skill level 8 in Unarmed Combat
    28 | D        | Reached skill level 16 in Spellcasting
    28 | D        | Reached skill level 8 in Conjurations
    28 | D        | Reached skill level 8 in Summonings
    28 | D        | Reached skill level 11 in Necromancy
    28 | D        | Reached skill level 9 in Fire Magic
    28 | D        | Reached skill level 9 in Air Magic
    28 | D        | Reached skill level 9 in Invocations
    30 | D        | Reached skill level 9 in Throwing
    30 | D        | Reached skill level 17 in Spellcasting
    30 | D        | Reached skill level 10 in Invocations
    30 | D        | Reached XP level 19. HP: 189/189 MP: 19/40
    30 | D        | Killed a destroyer
    30 | D        | Noticed an eight-headed meat hydra
    31 | D        | Reached skill level 9 in Short Blades
    31 | D        | Reached skill level 9 in Long Blades
    31 | D        | Reached skill level 9 in Maces & Flails
    31 | D        | Reached skill level 9 in Polearms
    31 | D        | Reached skill level 10 in Staves
    31 | D        | Reached skill level 9 in Ranged Weapons
    31 | D        | Reached skill level 9 in Armour
    31 | D        | Reached skill level 10 in Stealth
    31 | D        | Reached skill level 10 in Shields
    31 | D        | Reached skill level 9 in Unarmed Combat
    31 | D        | Reached skill level 18 in Spellcasting
    31 | D        | Reached skill level 9 in Conjurations
    31 | D        | Reached skill level 9 in Summonings
    31 | D        | Reached skill level 12 in Necromancy
    31 | D        | Reached skill level 10 in Air Magic
    31 | D        | Killed a meat berserker
    31 | D        | Killed a meat berserker
    31 | D        | Noticed a meat berserker
    32 | D        | Reached skill level 10 in Short Blades
    32 | D        | Reached skill level 10 in Long Blades
    32 | D        | Reached skill level 10 in Maces & Flails
    32 | D        | Reached skill level 10 in Polearms
    32 | D        | Reached skill level 10 in Ranged Weapons
    32 | D        | Reached skill level 10 in Throwing
    32 | D        | Reached skill level 10 in Armour
    32 | D        | Reached skill level 11 in Stealth
    32 | D        | Reached skill level 11 in Shields
    32 | D        | Reached skill level 10 in Unarmed Combat
    32 | D        | Reached skill level 19 in Spellcasting
    32 | D        | Reached skill level 10 in Summonings
    32 | D        | Reached skill level 13 in Necromancy
    32 | D        | Reached skill level 10 in Fire Magic
    32 | D        | Reached skill level 11 in Air Magic
    32 | D        | Reached skill level 11 in Invocations
    33 | D        | Reached skill level 11 in Staves
    33 | D        | Reached skill level 20 in Spellcasting
    33 | D        | Reached skill level 10 in Conjurations
    33 | D        | Reached skill level 11 in Fire Magic
    33 | D        | Reached skill level 12 in Invocations
    33 | D        | Noticed a meat berserker
    34 | D        | Reached skill level 11 in Short Blades
    34 | D        | Reached skill level 11 in Long Blades
    34 | D        | Reached skill level 11 in Maces & Flails
    34 | D        | Reached skill level 11 in Polearms
    34 | D        | Reached skill level 11 in Ranged Weapons
    34 | D        | Reached skill level 11 in Throwing
    34 | D        | Reached skill level 11 in Armour
    34 | D        | Reached skill level 12 in Stealth
    34 | D        | Reached skill level 12 in Shields
    34 | D        | Reached skill level 11 in Unarmed Combat
    34 | D        | Reached skill level 21 in Spellcasting
    34 | D        | Reached skill level 11 in Summonings
    34 | D        | Reached skill level 14 in Necromancy
    34 | D        | Reached skill level 12 in Air Magic
    34 | D        | Reached XP level 20. HP: 197/197 MP: 20/45
    34 | D        | Noticed a meat berserker
    34 | D        | Noticed a destroyer
    35 | D        | Noticed a meat berserker
    36 | D        | Reached skill level 11 in Conjurations
    36 | D        | Reached skill level 12 in Fire Magic
    36 | D        | Reached skill level 13 in Invocations
    36 | D        | Killed a meat berserker
    37 | D        | Reached skill level 12 in Short Blades
    37 | D        | Reached skill level 12 in Long Blades
    37 | D        | Reached skill level 12 in Maces & Flails
    37 | D        | Reached skill level 12 in Polearms
    37 | D        | Reached skill level 12 in Staves
    37 | D        | Reached skill level 12 in Throwing
    37 | D        | Reached skill level 22 in Spellcasting
    37 | D        | Reached skill level 15 in Necromancy
    37 | D        | Killed a meat berserker
    38 | D        | Reached skill level 12 in Ranged Weapons
    38 | D        | Reached skill level 12 in Armour
    38 | D        | Reached skill level 13 in Stealth
    38 | D        | Reached skill level 13 in Shields
    38 | D        | Reached skill level 12 in Unarmed Combat
    38 | D        | Reached skill level 23 in Spellcasting
    38 | D        | Reached skill level 12 in Summonings
    38 | D        | Reached skill level 13 in Fire Magic
    38 | D        | Reached skill level 13 in Air Magic
    38 | D        | Reached skill level 14 in Invocations
    39 | D        | Reached skill level 13 in Staves
    39 | D        | Reached skill level 12 in Conjurations
    39 | D        | Reached skill level 16 in Necromancy
    39 | D        | Noticed a large bag of meat
    40 | D        | Killed a meat berserker
    41 | D        | Reached skill level 13 in Short Blades
    41 | D        | Reached skill level 13 in Long Blades
    41 | D        | Reached skill level 13 in Maces & Flails
    41 | D        | Reached skill level 13 in Polearms
    41 | D        | Reached skill level 13 in Ranged Weapons
    41 | D        | Reached skill level 13 in Throwing
    41 | D        | Reached skill level 13 in Armour
    41 | D        | Reached skill level 14 in Stealth
    41 | D        | Reached skill level 14 in Shields
    41 | D        | Reached skill level 13 in Unarmed Combat
    41 | D        | Reached skill level 24 in Spellcasting
    41 | D        | Reached skill level 13 in Summonings
    41 | D        | Reached skill level 14 in Air Magic
    41 | D        | Reached skill level 15 in Invocations
    41 | D        | Reached XP level 21. HP: 166/204 MP: 21/49
    42 | D        | Reached skill level 14 in Staves
    42 | D        | Reached skill level 25 in Spellcasting
    42 | D        | Reached skill level 13 in Conjurations
    42 | D        | Reached skill level 17 in Necromancy
    42 | D        | Reached skill level 14 in Fire Magic
    42 | D        | Noticed a large bag of meat
    43 | D        | Reached skill level 14 in Short Blades
    43 | D        | Reached skill level 14 in Long Blades
    43 | D        | Reached skill level 14 in Maces & Flails
    43 | D        | Reached skill level 14 in Polearms
    43 | D        | Reached skill level 14 in Throwing
    43 | D        | Reached skill level 14 in Armour
    43 | D        | Reached skill level 15 in Stealth
    43 | D        | Reached skill level 15 in Shields
    43 | D        | Reached skill level 14 in Unarmed Combat
    43 | D        | Reached skill level 26 in Spellcasting
    43 | D        | Reached skill level 14 in Summonings
    43 | D        | Reached skill level 15 in Air Magic
    43 | D        | Reached skill level 16 in Invocations
    44 | D        | Killed a destroyer
    45 | D        | Reached skill level 15 in Staves
    45 | D        | Reached skill level 14 in Ranged Weapons
    45 | D        | Reached skill level 16 in Stealth
    45 | D        | Reached skill level 16 in Shields
    45 | D        | Reached skill level 27 in Spellcasting
    45 | D        | Reached skill level 14 in Conjurations
    45 | D        | Reached skill level 18 in Necromancy
    45 | D        | Reached skill level 15 in Fire Magic
    45 | D        | Reached skill level 16 in Air Magic
    45 | D        | Reached skill level 17 in Invocations
    45 | D        | Reached XP level 22. HP: 212/212 MP: 22/53
    46 | D        | Reached skill level 15 in Short Blades
    46 | D        | Reached skill level 15 in Long Blades
    46 | D        | Reached skill level 15 in Maces & Flails
    46 | D        | Reached skill level 15 in Polearms
    46 | D        | Reached skill level 15 in Ranged Weapons
    46 | D        | Reached skill level 15 in Throwing
    46 | D        | Reached skill level 15 in Armour
    46 | D        | Reached skill level 15 in Unarmed Combat
    46 | D        | Reached skill level 15 in Summonings
    46 | D        | Reached skill level 19 in Necromancy
    46 | D        | Reached skill level 16 in Fire Magic
    46 | D        | Noticed a destroyer
    47 | D        | Reached skill level 15 in Conjurations
    47 | D        | Noticed a destroyer
    47 | D        | Noticed a tyrant
    48 | D        | Noticed a destroyer
    49 | D        | Reached skill level 16 in Staves
    49 | D        | Reached skill level 16 in Throwing
    49 | D        | Reached skill level 17 in Stealth
    49 | D        | Reached skill level 17 in Shields
    49 | D        | Reached skill level 20 in Necromancy
    49 | D        | Reached skill level 17 in Air Magic
    49 | D        | Reached skill level 18 in Invocations
    49 | D        | Killed a destroyer
    50 | D        | Reached skill level 16 in Short Blades
    50 | D        | Reached skill level 16 in Long Blades
    50 | D        | Reached skill level 16 in Maces & Flails
    50 | D        | Reached skill level 16 in Polearms
    50 | D        | Reached skill level 17 in Staves
    50 | D        | Reached skill level 16 in Ranged Weapons
    50 | D        | Reached skill level 16 in Armour
    50 | D        | Reached skill level 18 in Stealth
    50 | D        | Reached skill level 16 in Unarmed Combat
    50 | D        | Reached skill level 16 in Conjurations
    50 | D        | Reached skill level 16 in Summonings
    50 | D        | Reached skill level 17 in Fire Magic
    50 | D        | Reached skill level 19 in Invocations
    50 | D        | Reached XP level 23. HP: 219/219 MP: 23/54
    50 | D        | Noticed a destroyer
    50 | D        | Killed a large bag of meat
    51 | D        | Reached skill level 17 in Throwing
    51 | D        | Reached skill level 18 in Shields
    51 | D        | Reached skill level 21 in Necromancy
    51 | D        | Reached skill level 18 in Air Magic
    51 | D        | Noticed a destroyer
    51 | D        | Noticed a tyrant
    53 | D        | Killed a destroyer
    53 | D        | Killed a tyrant
    53 | D        | Killed a destroyer
    54 | D        | Reached skill level 18 in Short Blades
    54 | D        | Reached skill level 17 in Long Blades
    54 | D        | Reached skill level 17 in Maces & Flails
    54 | D        | Reached skill level 18 in Polearms
    54 | D        | Reached skill level 18 in Staves
    54 | D        | Reached skill level 18 in Ranged Weapons
    54 | D        | Reached skill level 18 in Throwing
    54 | D        | Reached skill level 18 in Armour
    54 | D        | Reached skill level 19 in Stealth
    54 | D        | Reached skill level 19 in Shields
    54 | D        | Reached skill level 18 in Unarmed Combat
    54 | D        | Reached skill level 18 in Conjurations
    54 | D        | Reached skill level 18 in Summonings
    54 | D        | Reached skill level 22 in Necromancy
    54 | D        | Reached skill level 19 in Fire Magic
    54 | D        | Reached skill level 19 in Air Magic
    54 | D        | Reached skill level 20 in Invocations
    55 | D        | Killed a destroyer
    55 | D        | Noticed a tyrant
    56 | D        | Reached skill level 19 in Short Blades
    56 | D        | Reached skill level 18 in Long Blades
    56 | D        | Reached skill level 18 in Maces & Flails
    56 | D        | Reached skill level 19 in Polearms
    56 | D        | Reached skill level 19 in Staves
    56 | D        | Reached skill level 19 in Ranged Weapons
    56 | D        | Reached skill level 19 in Throwing
    56 | D        | Reached skill level 19 in Armour
    56 | D        | Reached skill level 20 in Stealth
    56 | D        | Reached skill level 20 in Shields
    56 | D        | Reached skill level 19 in Unarmed Combat
    56 | D        | Reached skill level 19 in Conjurations
    56 | D        | Reached skill level 19 in Summonings
    56 | D        | Reached skill level 23 in Necromancy
    56 | D        | Reached skill level 20 in Fire Magic
    56 | D        | Reached skill level 20 in Air Magic
    56 | D        | Reached skill level 21 in Invocations
    56 | D        | Reached XP level 24. HP: 227/227 MP: 25/54
    57 | D        | Reached skill level 21 in Stealth
    57 | D        | Noticed a large bag of meat
    58 | D        | Reached skill level 19 in Long Blades
    58 | D        | Reached skill level 19 in Maces & Flails
    58 | D        | Reached skill level 20 in Staves
    58 | D        | Reached skill level 24 in Necromancy
    58 | D        | Reached skill level 22 in Invocations
    59 | D        | Reached skill level 20 in Short Blades
    59 | D        | Reached skill level 20 in Polearms
    59 | D        | Reached skill level 20 in Ranged Weapons
    59 | D        | Reached skill level 20 in Throwing
    59 | D        | Reached skill level 20 in Armour
    59 | D        | Reached skill level 20 in Unarmed Combat
    59 | D        | Reached skill level 20 in Summonings
    59 | D        | Killed a tyrant
    59 | D        | Noticed a destroyer
    60 | D        | Reached skill level 22 in Stealth
    60 | D        | Reached skill level 21 in Shields
    60 | D        | Reached skill level 20 in Conjurations
    60 | D        | Reached skill level 21 in Fire Magic
    60 | D        | Reached skill level 21 in Air Magic
    60 | D        | Reached XP level 25. HP: 234/234 MP: 26/54
    60 | D        | Noticed a meat beast
    61 | D        | Reached skill level 21 in Staves
    61 | D        | Reached skill level 25 in Necromancy
    61 | D        | Reached skill level 23 in Invocations
    61 | D        | Killed a large bag of meat
    61 | D        | Noticed a meat beast
    62 | D        | Reached skill level 20 in Long Blades
    62 | D        | Reached skill level 20 in Maces & Flails
    62 | D        | Reached skill level 21 in Throwing
    62 | D        | Noticed an accursed
    62 | D        | Noticed a meat beast
    62 | D        | Noticed an accursed
    63 | D        | Killed a destroyer
    63 | D        | Killed a meat beast
    63 | D        | Noticed a large bag of meat
    64 | D        | Reached skill level 22 in Short Blades
    64 | D        | Reached skill level 21 in Long Blades
    64 | D        | Reached skill level 21 in Maces & Flails
    64 | D        | Reached skill level 22 in Polearms
    64 | D        | Reached skill level 22 in Staves
    64 | D        | Reached skill level 22 in Ranged Weapons
    64 | D        | Reached skill level 22 in Throwing
    64 | D        | Reached skill level 22 in Armour
    64 | D        | Reached skill level 23 in Stealth
    64 | D        | Reached skill level 22 in Shields
    64 | D        | Reached skill level 22 in Unarmed Combat
    64 | D        | Reached skill level 21 in Conjurations
    64 | D        | Reached skill level 22 in Summonings
    64 | D        | Reached skill level 26 in Necromancy
    64 | D        | Reached skill level 22 in Fire Magic
    64 | D        | Reached skill level 22 in Air Magic
    64 | D        | Reached skill level 24 in Invocations
    64 | D        | Reached XP level 26. HP: 185/242 MP: 27/54
    64 | D        | Noticed a dread
    64 | D        | Noticed a tyrant
    65 | D        | Reached skill level 22 in Conjurations
    65 | D        | Noticed a meat beast
    65 | D        | Killed a tyrant
    66 | D        | Reached skill level 24 in Stealth
    66 | D        | Reached skill level 23 in Shields
    66 | D        | Reached skill level 23 in Fire Magic
    66 | D        | Reached skill level 23 in Air Magic
    66 | D        | Killed a meat beast
    66 | D        | Noticed a tyrant
    67 | D        | Reached skill level 23 in Short Blades
    67 | D        | Reached skill level 22 in Long Blades
    67 | D        | Reached skill level 22 in Maces & Flails
    67 | D        | Reached skill level 23 in Polearms
    67 | D        | Reached skill level 23 in Staves
    67 | D        | Reached skill level 23 in Ranged Weapons
    67 | D        | Reached skill level 23 in Throwing
    67 | D        | Reached skill level 23 in Armour
    67 | D        | Reached skill level 25 in Stealth
    67 | D        | Reached skill level 24 in Shields
    67 | D        | Reached skill level 23 in Unarmed Combat
    67 | D        | Reached skill level 23 in Conjurations
    67 | D        | Reached skill level 23 in Summonings
    67 | D        | Reached skill level 27 in Necromancy
    67 | D        | Reached skill level 24 in Air Magic
    67 | D        | Reached skill level 25 in Invocations
    67 | D        | Killed a meat beast
    68 | D        | Reached skill level 24 in Short Blades
    68 | D        | Reached skill level 23 in Long Blades
    68 | D        | Reached skill level 23 in Maces & Flails
    68 | D        | Reached skill level 24 in Polearms
    68 | D        | Reached skill level 24 in Staves
    68 | D        | Reached skill level 24 in Ranged Weapons
    68 | D        | Reached skill level 24 in Throwing
    68 | D        | Reached skill level 24 in Armour
    68 | D        | Reached skill level 24 in Unarmed Combat
    68 | D        | Reached skill level 24 in Fire Magic
    68 | D        | Reached skill level 26 in Invocations
    68 | D        | Reached XP level 27. HP: 249/249 MP: 28/54
    68 | D        | Noticed a destroyer
    68 | D        | Killed a destroyer
    68 | D        | Noticed an accursed
    69 | D        | Reached skill level 26 in Stealth
    69 | D        | Reached skill level 25 in Shields
    69 | D        | Reached skill level 24 in Conjurations
    69 | D        | Reached skill level 24 in Summonings
    69 | D        | Reached skill level 25 in Air Magic
    69 | D        | Noticed The Servant
    70 | D        | Reached skill level 25 in Fire Magic
    70 | D        | Reached skill level 27 in Invocations
    70 | D        | Noticed a dread
    70 | D        | Killed a large bag of meat
    71 | D        | Reached skill level 25 in Short Blades
    71 | D        | Reached skill level 24 in Long Blades
    71 | D        | Reached skill level 24 in Maces & Flails
    71 | D        | Reached skill level 25 in Polearms
    71 | D        | Reached skill level 25 in Staves
    71 | D        | Reached skill level 25 in Throwing
    71 | D        | Killed an accursed
    71 | D        | Noticed a dread
    71 | D        | Noticed a tyrant
    72 | D        | Reached skill level 25 in Ranged Weapons
    72 | D        | Reached skill level 25 in Armour
    72 | D        | Reached skill level 27 in Stealth
    72 | D        | Reached skill level 26 in Shields
    72 | D        | Reached skill level 25 in Unarmed Combat
    72 | D        | Reached skill level 25 in Conjurations
    72 | D        | Reached skill level 25 in Summonings
    72 | D        | Reached skill level 26 in Air Magic
    72 | D        | Killed a dread
    72 | D        | Noticed a large bag of meat
    73 | D        | Reached skill level 26 in Short Blades
    73 | D        | Reached skill level 25 in Long Blades
    73 | D        | Reached skill level 25 in Maces & Flails
    73 | D        | Reached skill level 26 in Polearms
    73 | D        | Reached skill level 26 in Staves
    73 | D        | Reached skill level 26 in Ranged Weapons
    73 | D        | Reached skill level 26 in Throwing
    73 | D        | Reached skill level 26 in Armour
    73 | D        | Reached skill level 26 in Fire Magic
    73 | D        | Killed a meat beast
    73 | D        | Noticed a meat beast
    74 | D        | Reached skill level 27 in Short Blades
    74 | D        | Reached skill level 26 in Long Blades
    74 | D        | Reached skill level 26 in Maces & Flails
    74 | D        | Reached skill level 27 in Polearms
    74 | D        | Reached skill level 27 in Staves
    74 | D        | Reached skill level 27 in Throwing
    74 | D        | Reached skill level 27 in Shields
    74 | D        | Reached skill level 26 in Unarmed Combat
    74 | D        | Reached skill level 26 in Conjurations
    74 | D        | Reached skill level 26 in Summonings
    74 | D        | Reached skill level 27 in Fire Magic
    74 | D        | Reached skill level 27 in Air Magic
    74 | D        | Killed a tyrant
    74 | D        | Noticed a tyrant
    74 | D        | Noticed a tyrant
    75 | D        | Reached skill level 27 in Long Blades
    75 | D        | Reached skill level 27 in Maces & Flails
    75 | D        | Reached skill level 27 in Ranged Weapons
    75 | D        | Reached skill level 27 in Armour
    75 | D        | Reached skill level 27 in Unarmed Combat
    75 | D        | Reached skill level 27 in Conjurations
    75 | D        | Reached skill level 27 in Summonings
    75 | D        | Reached skill level 1 in Hexes
    75 | D        | Reached skill level 1 in Translocations
    75 | D        | Reached skill level 1 in Ice Magic
    75 | D        | Reached skill level 1 in Earth Magic
    75 | D        | Reached skill level 1 in Alchemy
    75 | D        | Reached skill level 1 in Evocations
    76 | D        | Reached skill level 6 in Hexes
    76 | D        | Reached skill level 5 in Translocations
    76 | D        | Reached skill level 5 in Ice Magic
    76 | D        | Reached skill level 5 in Earth Magic
    76 | D        | Reached skill level 5 in Alchemy
    76 | D        | Reached skill level 5 in Evocations
    76 | D        | Killed a tyrant
    76 | D        | Noticed a tyrant
    77 | D        | Reached skill level 8 in Hexes
    77 | D        | Reached skill level 7 in Translocations
    77 | D        | Reached skill level 7 in Ice Magic
    77 | D        | Reached skill level 7 in Earth Magic
    77 | D        | Reached skill level 7 in Alchemy
    77 | D        | Reached skill level 7 in Evocations
    77 | D        | Killed a destroyer
    77 | D        | Noticed a meat beast
    78 | D        | Reached skill level 12 in Hexes
    78 | D        | Reached skill level 11 in Translocations
    78 | D        | Reached skill level 11 in Ice Magic
    78 | D        | Reached skill level 11 in Earth Magic
    78 | D        | Reached skill level 11 in Alchemy
    78 | D        | Reached skill level 11 in Evocations
    78 | D        | Killed a large bag of meat
    78 | D        | Killed a dread
    79 | D        | Reached skill level 16 in Hexes
    79 | D        | Reached skill level 14 in Translocations
    79 | D        | Reached skill level 14 in Ice Magic
    79 | D        | Reached skill level 14 in Earth Magic
    79 | D        | Reached skill level 14 in Alchemy
    79 | D        | Reached skill level 14 in Evocations
    79 | D        | Killed an accursed
    79 | D        | Killed a meat beast
    79 | D        | Noticed a meat beast
    79 | D        | HP: 22/249 [The Servant/+9 glaive of flaming (51)]
    79 | D        | Mangled by The Servant

Vanquished Creatures
  5 hell beasts (D)
  2 royal mummies (D)
  2 wraiths (D)
  10 vampire knights (D)
  23 ogres (D)
  4 two-headed ogres (D)
  5 liches (D)
  A hydra (D)
  74 orcs (D)
  3 skeletal warriors (D)
129 creatures vanquished.

Table legend:
 A = Non-vault XP
 B = Vault XP
 C = Vault XP percentage of total XP
 D = Non-vault monster count
 E = Vault monster count
 F = Vault count percentage of total count
                 A         B        C        D         E       F
            +---------+---------+-------+---------+---------+-------
      Total | 1277251 |  902832 |  41.4 |      52 |      77 |  59.7
            +---------+---------+-------+---------+---------+-------
          D | 1277251 |  902832 |  41.4 |      52 |      77 |  59.7
            +---------+---------+-------+---------+---------+-------

Skill      XL: |  1  2  3  4  5  6  7  8  9 10 11 12 13 14 15 16 17 18 19 20 21 22 23 24 25 26 27 |
---------------+----------------------------------------------------------------------------------+-----
Fighting       | 15 18 19 22 26 27 | 27.0
Axes           | 12 15 17 19 23 27 | 27.0
Dodging        | 17 21 23 25 27 | 27.0
Short Blades   | 4 7 8 11 13 14 16 19 20 22 24 27 | 27.0
Long Blades    | 4 7 8 11 13 14 16 18 19 21 23 27 | 27.0
Maces & Flails | 4 7 8 11 13 14 16 18 19 21 23 27 | 27.0
Polearms       | 4 7 8 11 13 14 16 19 20 22 24 27 | 27.0
Staves         | 5 8 9 11 13 15 17 19 20 22 24 27 | 27.0
Ranged Weapons | 4 7 8 11 13 14 16 19 20 22 24 27 | 27.0
Throwing       | 4 7 9 11 13 14 16 19 20 22 24 27 | 27.0
Armour         | 4 7 8 11 13 14 16 19 20 22 24 27 | 27.0
Stealth        | 4 8 9 12 14 16 18 20 22 23 25 27 | 27.0
Shields        | 4 7 9 12 14 16 17 20 21 22 24 27 | 27.0
Unarmed Combat | 4 7 8 11 13 14 16 19 20 22 24 27 | 27.0
Spellcasting   | 9 14 17 21 24 27 | 27.0
Summonings     | 4 7 8 11 13 14 16 19 20 22 23 27 | 27.0
Necromancy     | 5 9 11 14 16 18 20 23 24 26 27 | 27.0
Air Magic      | 4 7 9 12 14 16 17 20 21 22 24 27 | 27.0
Conjurations   | 3 6 8 10 12 14 16 19 20 21 23 27 | 27.0
Fire Magic     | 3 7 9 11 13 15 17 20 21 22 24 27 | 27.0
Invocations    | 4 8 10 12 15 17 19 21 22 24 26 27 | 27.0
Hexes          | 16 | 16.0
Translocations | 14 | 14.7
Ice Magic      | 14 | 14.7
Earth Magic    | 14 | 14.7
Alchemy        | 14 | 14.3
Evocations     | 14 | 14.3

Action                     |  1- 3 |  4- 6 |  7- 9 | 10-12 | 13-15 | 16-18 | 19-21 | 22-24 | 25-27 || total
---------------------------+-------+-------+-------+-------+-------+-------+-------+-------+-------++-------
  Melee: Executioner's axe |     1 |       |       |     1 |     7 |     8 |    12 |    11 |    19 ||    59
 Armour: Leather armour    |       |       |       |       |       |       |     1 |     6 |    13 ||    20
  Dodge: Dodged            |       |       |       |       |       |       |       |       |     3 ||     3

Illustrated notes

Table legend:
 A = Kills in this place as a percentage of kills in the entire game.
 B = Kills by you in this place as a percentage of kills by you in the entire game.
 C = Kills by friends in this place as a percentage of kills by friends in the entire game.
 D = Other kills in this place as a percentage of other kills in the entire game.
 E = Experience gained in this place as a percentage of experience gained in the entire game.
 F = Experience gained in this place divided by the number of levels of this place that you have seen.
                   A       B       C       D       E      F
               +-------+-------+-------+-------+-------+----------------------
         Total | 100.0 | 100.0 |   N/A |   N/A | 100.0 | 2180083.0
       Dungeon | 100.0 | 100.0 |   N/A |   N/A | 100.0 | 2180083.0
               +-------+-------+-------+-------+-------+----------------------

Table legend: (Time is in decaauts)
 A = Elapsed time spent in this place.
 B = Non-inter-level travel time spent in this place.
 C = Inter-level travel time spent in this place.
 D = Time resting spent in this place.
 E = Time spent auto-exploring this place.
 F = Levels seen in this place.
 G = Mean time per level.
                   A        B        C        D        E       F      G
               +--------+--------+--------+--------+--------+-----+--------+
         Total |     64 |     64 |      0 |      0 |      0 |   1 |   64.0 |
       Dungeon |     64 |     64 |      0 |      0 |      0 |   1 |   64.0 |
               +--------+--------+--------+--------+--------+-----+--------+

Top non-repeatable levels by time:
       D: 64 daAuts
